 Dungeon Crawl Stone Soup version 0.26-a0-661-g406de6ba63 (webtiles) character file.

Game seed: 9283451953958805747

17245 jasper the Basher (level 12, -4/97 HPs)
             Began as a Mummy Berserker on Oct 8, 2020.
             Was an Elder of Trog.
             Slain by a komodo dragon (26 damage)
             ... on level 2 of the Lair of Beasts.
             The game lasted 00:25:16 (15803 turns).

jasper the Basher (Mummy Berserker)                Turns: 15803, Time: 00:25:16

Health: -4/97      AC: 14    Str: 25    XL:     12   Next: 17%
Magic:  21/21      EV:  7    Int:  6    God:    Trog [****..]
Gold:   634        SH:  5    Dex: 12    Spells: 11/11 levels left

rFire    x . .     SeeInvis .   F - +0 flail
rCold    + . .     Faith    .   n - +0 buckler
rNeg     + + +     Spirit   .   E - +0 plate armour
rPois    ∞         Reflect  .   m - +1 helmet
rElec    .         Harm     .   (no cloak)
rCorr    .         Rampage  .   (no gloves)
MR       +++..                  (no boots)
Stlth    ..........             (no amulet)
HPRegen  1.26/turn              f - ring of magical power
MPRegen  0.17/turn              x - +4 ring of slaying

@: regenerating
A: no potions, fire vulnerability, cold resistance 1, negative energy resistance
3, torment resistance, unbreathing
a: Trog's Hand, Brothers in Arms, Renounce Religion


You were on level 2 of the Lair of Beasts.
You worshipped Trog.
Trog was greatly pleased with you.
You visited 2 branches of the dungeon, and saw 14 of its levels.

You collected 863 gold pieces.
You spent 229 gold pieces at shops.

Inventory:

Hand Weapons
 a - a +0 mace
 i - a +1 short sword of venom
 j - a +3 trident
 o - a +0 hunting sling
 F - a +0 flail (weapon)
 J - a +0 mace of protection
 M - a +3 great mace
Missiles
 d - 116 sling bullets
 e - 620 stones
 h - 23 poisoned darts (quivered)
 q - 170 bolts
 v - 15 boomerangs
 L - 2 boomerangs of dispersal
Armour
 b - a +0 animal skin
 c - a +0 ring mail
 l - a +0 chain mail
 m - a +1 helmet (worn)
 n - a +0 buckler (worn)
 p - a +1 helmet
 s - a +0 scale mail
 E - a +0 plate armour (worn)
 H - a +0 helmet
Jewellery
 f - a ring of magical power (left hand)
 x - a +4 ring of slaying (right hand)
 N - an uncursed ring of fire
 P - a -4 ring of intelligence
 R - an uncursed ring of wizardry
Wands
 A - a wand of iceblast (3)
 B - a wand of flame (15)
 I - a wand of random effects (19)
 S - a wand of acid (8)
Scrolls
 g - 2 scrolls of immolation
 k - 5 scrolls of teleportation
 r - a scroll of noise
 t - 2 scrolls of fear
 u - 4 scrolls of blinking
 w - 2 scrolls of enchant weapon
 y - 3 scrolls of amnesia
 z - a scroll of brand weapon
 C - a scroll of random uselessness
 D - a scroll of silence
 G - 3 scrolls of remove curse
 K - 3 scrolls of identify
 O - a scroll of enchant armour
 Q - a scroll of summoning


   Skills:
 - Level 10.0 Fighting
 + Level 13.1 Maces & Flails
 - Level 5.6 Armour
 - Level 1.5 Dodging
 - Level 4.0 Shields


You had 11 spell levels left.
You didn't know any spells.
Your spell library was empty.

Dungeon Overview and Level Annotations

Branches:
Dungeon (11/15)              Lair (3/6) D:10          Snake (0/4) Lair:3
    Orc (0/2) D:10
 Temple: D:4-7        Swamp: Lair:2-4    Shoals: Lair:2-4

Altars:
Fedhas
Hepliaklqana
Ru
Sif Muna
Uskayaw
Vehumet
Xom
The Shining One

Shops:
D:5 }   D:8 [

Annotations:
D:2 exclusion: oklob plant
D:10 exclusion: door
Lair:2 2 runed translucent doors, Kotami's ghost, journeyman OpFi


Innate Abilities, Weirdness & Mutations

You do not drink.
Your flesh is vulnerable to fire.
You are immune to poison.
Your flesh is cold resistant. (rC+)
You are immune to negative energy. (rN+++)
You are immune to unholy pain and torment.
You can survive without breathing.


Message History

You bludgeon the komodo dragon!!
The komodo dragon is heavily wounded.
You hit the komodo dragon.
The komodo dragon is severely wounded.
The komodo dragon bites you!!
* * * LOW HITPOINT WARNING * * *
You take 22 damage, and have 19/97 hp.
MASSIVE DAMAGE!!
You barely miss the komodo dragon.
The komodo dragon is severely wounded.
The blink frog blinks!
The komodo dragon bites you but does no damage.
You hit the komodo dragon.
The komodo dragon is severely wounded.
You hit the komodo dragon.
The komodo dragon is severely wounded.
The komodo dragon closely misses you.
You hit the komodo dragon but do no damage.
The komodo dragon is severely wounded.
The komodo dragon bites you!!
You die...

....#
##P................
...##
##..................
...#
#....###..........##
...#
#....####....##.#.##
#.##
###.....#......###...#
.#####
#f..............###.##
.###.#
###.............## #.##
.#fP.#
#.#.......F.....####.f#
.#...#
##....@.§........##....
.....##
#...l.................
......#
##..................##
#.#####
#.[....#.....####..#
.##
#......##......##..# ##
###..####..#########
#### ####


You could see a komodo dragon and a blink frog.

Vanquished Creatures
  3 hydras
  Erica (Lair:2)
  2 two-headed ogres
  A rime drake (Lair:3)
  4 cane toads
  3 kobold demonologists
  3 komodo dragons
  3 polar bears
  3 blink frogs (D:10)
  A wyvern (Lair:2)
  15 yaks
  Grum (D:8)
  A soldier ant (D:11)
  6 water moccasins
  6 orc warriors
  2 ice beasts
  A black bear (D:6)
  A phantom (D:8)
  6 ogres
  2 wolves (D:8)
  2 centaurs
  4 big kobolds
  9 bullfrogs
  3 scorpions
  3 wights (D:8)
  An electric eel (Lair:1)
  2 howler monkeys (D:9)
  2 bullfrog zombies
  A quasit (D:8)
  7 orc priests
  7 hounds
  3 jellies
  7 orc wizards
  2 iguanas
  Natasha (D:1)
  5 hell rats
  11 worker ants
  A killer bee zombie (D:8)
  A hound skeleton (D:4)
  2 hound zombies
  A howler monkey zombie (D:5)
  A worker ant zombie (D:5)
  Robin (D:2)
  11 gnolls
  2 adders
  5 river rats
  A shadow imp (D:10)
  A white imp (D:5)
  An ufetubus (D:10)
  6 worms
  3 leopard geckos
  55 orcs
  6 bats
  6 giant cockroaches
  35 goblins
  20 hobgoblins
  8 jackals
  4 ball pythons
  11 frilled lizards
  A jackal skeleton (D:8)
  11 kobolds
  16 rats
345 creatures vanquished.

Vanquished Creatures (collateral kills)
  A hydra (Lair:1)
  A two-headed ogre (D:9)
  A komodo dragon (Lair:1)
  A troll (D:9)
  A polar bear (Lair:1)
  A wyvern (D:10)
  2 orc warriors
  A bullfrog (Lair:1)
  An orc priest (D:9)
  A gnoll shaman (D:10)
  An iguana (D:9)
  An orc wizard (D:9)
  A hound skeleton (D:9)
  A gnoll (D:10)
  An orc (D:10)
16 creatures vanquished.

Vanquished Creatures (others)
  56 fungi
  71 plants
127 creatures vanquished.

Grand Total: 488 creatures vanquished

Notes
Turn   | Place    | Note
-------+----------+-------------------------------------------
     0 | D:1      | jasper the Mummy Berserker began the quest for the Orb.
     0 | D:1      | Reached XP level 1. HP: 18/18 MP: 1/1
   107 | D:1      | Reached XP level 2. HP: 16/24 MP: 2/2
   406 | D:1      | Reached ** piety under Trog
   547 | D:1      | Reached skill level 3 in Maces & Flails
   711 | D:2      | Noticed Natasha
   715 | D:2      | Noticed a crimson imp
   726 | D:1      | Killed Natasha
   726 | D:1      | Reached XP level 3. HP: 14/29 MP: 3/3
  1041 | D:2      | Noticed Robin
  1058 | D:2      | Killed Robin
  1058 | D:2      | Reached XP level 4. HP: 35/35 MP: 4/4
  1249 | D:2      | Found a blossoming altar of Fedhas.
  1268 | D:2      | Noticed an oklob plant
  1593 | D:2      | Found a glowing golden altar of the Shining One.
  2129 | D:3      | Found a sacrificial altar of Ru.
  2155 | D:3      | Found a shimmering altar of Xom.
  2188 | D:3      | Noticed an ogre
  2227 | D:3      | Killed an ogre
  2227 | D:3      | Reached skill level 4 in Maces & Flails
  2227 | D:3      | Reached XP level 5. HP: 24/42 MP: 5/5
  2892 | D:3      | Reached *** piety under Trog
  3131 | D:4      | Reached XP level 6. HP: 28/48 MP: 6/6
  3423 | D:4      | Noticed an orc warrior
  3457 | D:4      | Killed an orc warrior
  4012 | D:4      | Reached skill level 5 in Maces & Flails
  4012 | D:4      | Reached XP level 7. HP: 50/55 MP: 7/7
  4772 | D:4      | Reached skill level 5 in Fighting
  4867 | D:4      | Reached **** piety under Trog
  5200 | D:4      | Reached skill level 6 in Maces & Flails
  5200 | D:4      | Reached XP level 8. HP: 49/63 MP: 8/8
  5375 | D:5      | Entered Level 5 of the Dungeon
  5618 | D:5      | Found a hazy altar of Hepliaklqana.
  6186 | D:5      | Found Kuitaquo's Gadget Emporium.
  6189 | D:5      | Bought a wand of flame (13) for 112 gold pieces
  6543 | D:6      | Reached skill level 7 in Maces & Flails
  6718 | D:6      | Found a hide-covered altar of Uskayaw.
  6847 | D:6      | Found a radiant altar of Vehumet.
  7165 | D:7      | Reached skill level 5 in Armour
  7270 | D:7      | You fall into a shaft and drop 2 floors!
  7289 | D:9      | Noticed a troll
  7293 | D:9      | Killed a troll
  7293 | D:9      | Reached XP level 9. HP: 62/71 MP: 9/9
  7309 | D:9      | Noticed a two-headed ogre
  7312 | D:9      | Killed a two-headed ogre
  7312 | D:9      | Reached skill level 8 in Maces & Flails
  7755 | D:8      | Found Xewik's Antique Armour Emporium.
  7768 | D:8      | Bought a buckler for 117 gold pieces
  8208 | D:7      | You fall into a shaft and drop 3 floors!
  8208 | D:10     | Entered Level 10 of the Dungeon
  8223 | D:10     | Reached skill level 1 in Shields
  8393 | D:10     | Reached ***** piety under Trog
  8528 | D:9      | Noticed a two-headed ogre
  8704 | D:8      | Noticed Grum
  8716 | D:8      | Reached skill level 9 in Maces & Flails
  8717 | D:8      | Reached XP level 10. HP: 74/80 MP: 10/10
  8717 | D:8      | Killed Grum
  9027 | D:9      | Received a gift from Trog
  9117 | D:9      | Killed a two-headed ogre
  9419 | D:9      | Found a shimmering blue altar of Sif Muna.
 10849 | D:10     | Found a staircase to the Lair.
 10927 | D:10     | Found a staircase to the Orcish Mines.
 10968 | D:10     | Noticed a two-headed ogre
 11004 | D:10     | Killed a two-headed ogre
 11004 | D:10     | Reached skill level 10 in Fighting
 11004 | D:10     | Reached skill level 10 in Maces & Flails
 11004 | D:10     | Reached XP level 11. HP: 18/90 MP: 11/11
 11699 | D:11     | Noticed a white ugly thing
 11744 | Lair:1   | Entered Level 1 of the Lair of Beasts
 11748 | Lair:1   | Noticed an eight-headed hydra
 11761 | Lair:1   | Killed an eight-headed hydra
 11972 | Lair:1   | Reached skill level 11 in Maces & Flails
 12033 | Lair:1   | HP: 4/90 [cane toad (19)]
 12044 | Lair:1   | HP: 3/90 [cane toad (10)]
 12085 | Lair:1   | Noticed an eight-headed hydra
 12096 | Lair:1   | HP: 3/90 [eight-headed hydra (4)]
 12097 | Lair:1   | Killed an eight-headed hydra
 13438 | Lair:1   | Reached skill level 12 in Maces & Flails
 13825 | Lair:2   | Noticed a four-headed hydra
 13834 | Lair:2   | Killed a four-headed hydra
 14001 | Lair:2   | Noticed Erica
 14009 | Lair:2   | Killed Erica
 14438 | Lair:2   | Found a large runed translucent door.
 14439 | Lair:2   | Found a large runed translucent door.
 14439 | Lair:2   | Noticed Kotami's ghost (journeyman OpFi)
 14505 | Lair:2   | Reached XP level 12. HP: 95/97 MP: 12/12
 15047 | Lair:3   | Found a staircase to the Snake Pit.
 15167 | Lair:3   | Noticed a four-headed hydra
 15180 | Lair:3   | Killed a four-headed hydra
 15180 | Lair:3   | Reached skill level 13 in Maces & Flails
 15803 | Lair:2   | Slain by a komodo dragon

Illustrated notes

Levels and vault maps discovered:
D:1:      dpeg_arrival_rhombus, layout_basic, minmay_vboxes
D:2:      layout_rooms, tso_oasis_becter, tgw_fedhas, serial_glass,
          glass_columns_a, glass_columns_c, glass_columns_a, glass_columns_a,
          minmay_misc_feat_enclosed, uniq_robin, uniq_natasha
D:3:      layout_basic, nicolae_ru_awakened_eye, nicolae_overflow_crystal_walls,
          portal_sewer_entry_e
D:4:      minmay_goblin_kobold_castle, layout_basic
D:5:      layout_basic, old_standard_altar, serial_shops,
          nicolae_shop_behind_doors, serial_bayou, serial_bayou_pond_e,
          serial_bayou_pond_a, serial_bayou_lagoon_a, serial_bayou_pond_c
D:6:      layout_cave_pools, overflow_temple_1_default,
          eat_drink_and_be_merry_uskayaw
D:7:      layout_loops_ring, bloody_trog, kennysheep_mini_moat,
          minmay_temple_entry_purple_smoke
D:8:      layout_basic, serial_shops, shop, uniq_grum
D:9:      layout_basic, lemuel_blue_sif_altar, minmay_circle_x
D:10:     layout_basic, due_lair_maze_entry_diamond, hiddenorc2_lemuel,
          minmay_misc_feat_ornament
D:11:     layout_layer_cave
Lair:1:   layout_small_grid, serial_bayou_shore_a
Lair:2:   layout_gridlike, ebering_ghost_disaster_area,
          kennysheep_abandoned_house, uniq_erica
Lair:3:   layout_regular_city, dummy_snake_entry, st_stairs_9,
          minmay_lair_oklob_chamber

Skill      XL: |  1  2  3  4  5  6  7  8  9 10 11 12 |
---------------+-------------------------------------+-----
Maces & Flails | 3 4 5 6 7 9 10 12 13 | 13.1
Armour         | 2 3 4 5 |  5.6
Fighting       | 4 5 6 7 10 | 10.0
Shields        | 2 4 |  4.0
Dodging        | |  1.5

Action                   |  1- 3 |  4- 6 |  7- 9 | 10-12 || total
-------------------------+-------+-------+-------+-------++-------
Melee: Mace              |    33 |       |    21 |       ||    54
       Short sword       |    32 |   153 |   298 |   267 ||   750
       Flail             |       |       |    27 |   297 ||   324
Throw: Stone             |     9 |       |       |       ||     9
       Dart              |    23 |    87 |    81 |   104 ||   295
Invok: Trog's Hand       |       |     1 |     5 |     8 ||    14
       Brothers in Arms  |       |       |     2 |     3 ||     5
Evoke: Wand              |       |       |    12 |    26 ||    38
  Use: Scroll            |       |     6 |     5 |     6 ||    17
Armor: Ring mail         |    30 |    19 |       |       ||    49
       Scale mail        |       |    29 |       |       ||    29
       Chain mail        |       |     9 |   243 |   190 ||   442
       Plate armour      |       |       |       |    81 ||    81
Dodge: Dodged            |    54 |    91 |   163 |   202 ||   510
Block: Buckler           |       |       |     8 |   126 ||   134

Table legend: (Time is in decaauts)
 A = Elapsed time spent in this place.
 B = Non-inter-level travel time spent in this place.
 C = Inter-level travel time spent in this place.
 D = Time resting spent in this place.
 E = Time spent auto-exploring this place.
 F = Levels seen in this place.
 G = Mean time per level.
                   A        B        C        D        E       F      G
               +--------+--------+--------+--------+--------+-----+--------+
         Total |  15863 |  15361 |    502 |   2432 |   9934 |  14 | 1133.1 |
       Dungeon |  12192 |  11744 |    448 |   1158 |   8171 |  11 | 1108.4 |
          Lair |   3671 |   3617 |     54 |   1274 |   1763 |   3 | 1223.7 |
               +--------+--------+--------+--------+--------+-----+--------+

Top non-repeatable levels by time:
    D:10: 2376 daAuts
     D:4: 2308 daAuts
  Lair:2: 1798 daAuts
  Lair:1: 1407 daAuts
     D:3: 1273 daAuts
     D:9: 1165 daAuts
     D:8: 1161 daAuts
     D:5: 1137 daAuts
     D:2: 1119 daAuts
     D:1: 721 daAuts
     D:6: 618 daAuts
  Lair:3: 465 daAuts
     D:7: 232 daAuts
    D:11: 77 daAuts
